 Dungeon Crawl Stone Soup version 0.22-a0-580-gd5db89c (webtiles) character file.

5884 gmonis the Basher (level 10, -8/76 (77) HPs)
             Began as a Minotaur Berserker on July 2, 2018.
             Was an Elder of Trog.
             Killed by the air
             ... invoked by Gastronok
              (19 damage)
             ... on level 8 of the Dungeon.
             The game lasted 00:13:40 (6187 turns).

gmonis the Basher (Minotaur Berserker)              Turns: 6187, Time: 00:13:41

HP:   -8/76 (77)    AC: 19    Str: 23    XL:     10   Next: 52%
MP:   9/9           EV:  7    Int:  4    God:    Trog [****..]
Gold: 361           SH: 12    Dex: 12    Spells: 9/9 levels left

rFire    . . .     SeeInvis .   u - +2 flail (crush)
rCold    . . .     Gourm    .   g - +0 shield
rNeg     + . .     Faith    .   q - +0 plate armour
rPois    .         Spirit   .   (helmet restricted)
rElec    .         Reflect  .   z - +2 cloak "Peonk" {+Inv rN+}
rCorr    .         Harm     .   m - +0 pair of gloves
MR       .....     Rnd*Tele +   (no boots)
Stlth    ..........             (no amulet)
HPRegen  0.22/turn              n - ring of wizardry
MPRegen  0.11/turn              C - ring of teleportation

@: berserk cooldown, slowed, very slow
A: retaliatory headbutt, horns 2
a: Berserk, Trog's Hand, Brothers in Arms, Renounce Religion, Evoke Invisibility


You were on level 8 of the Dungeon.
You worshipped Trog.
Trog was greatly pleased with you.
You were very hungry.

You visited 2 branches of the dungeon, and saw 9 of its levels.

You collected 361 gold pieces.

Inventory:

Hand Weapons
 a - a +0 mace
 t - a +1 mace of holy wrath
 u - a +2 flail of crushing (weapon)
Missiles
 i - 306 stones (quivered)
Armour
 b - a +0 animal skin
 g - a +0 shield (worn)
 m - a +0 pair of gloves (worn)
 q - a +0 plate armour (worn)
 z - the +2 cloak "Peonk" (worn) {+Inv rN+}
   (You found it on level 5 of the Dungeon)

   It protects you from negative energy.
   It lets you turn invisible.
Jewellery
 n - a ring of wizardry (left hand)
 C - a ring of teleportation (right hand)
Wands
 x - a wand of iceblast (10)
 y - a wand of flame (27)
 D - a wand of digging (15)
 F - a wand of paralysis (14)
 G - a wand of scattershot (5)
Scrolls
 e - 10 scrolls of teleportation
 h - 2 scrolls of identify
 j - 5 scrolls of remove curse
 k - 2 scrolls of enchant armour {unknown}
 l - a scroll of fog {unknown}
 o - 2 scrolls of immolation {unknown}
 B - a scroll of blinking {unknown}
 E - a scroll of summoning {unknown}
 I - a scroll of random uselessness {unknown}
 J - a scroll of fear {unknown}
Potions
 d - 5 potions of lignification
 f - 4 potions of curing
 p - a potion of might {unknown}
 r - a potion of mutation {unknown}
 s - 2 potions of ambrosia {unknown}
 v - 2 potions of flight {unknown}
 w - 3 potions of brilliance
 A - a potion of heal wounds {unknown}
 H - a potion of cancellation {unknown}
Comestibles
 c - 10 rations
 K - a chunk of flesh


   Skills:
 - Level 3.6 Fighting
 * Level 13.7 Maces & Flails
 + Level 9.3 Armour
 - Level 2.1 Dodging
 + Level 9.3 Shields


You had 9 spell levels left.
You didn't know any spells.
Your spell library was empty.

Dungeon Overview and Level Annotations

Branches:
Dungeon (8/15)             Temple (1/1) D:6
   Lair: D:8-11

Altars:
Ashenzari
Cheibriados
Dithmenos
Elyvilon
Fedhas
Gozag
Hepliaklqana
Kikubaaqudgha
Makhleb
Nemelex Xobeh
Okawaru
Qazlal
Ru
Sif Muna
Trog
Uskayaw
Vehumet
Wu Jian
Xom
Yredelemnul
Zin
The Shining One

Shops:
D:7 *

Annotations:
D:8 Gastronok


Innate Abilities, Weirdness & Mutations

You reflexively headbutt those who attack you in melee.
You have a pair of horns on your head.


Message History

You block the rat's attack. The adder barely misses you.
You thump Gastronok!
You headbutt Gastronok, but do no damage.
Gastronok is heavily wounded.
Gastronok bites you but does no damage. You block the adder's attack.
You block the rat's attack.
You hit Gastronok but do no damage.
Gastronok is heavily wounded.
The adder bites you but does no damage. You block the rat's attack.
You hit Gastronok.
Gastronok is severely wounded.
You block the adder's attack. Gastronok bites you!
* * * LOW HITPOINT WARNING * * *
The rat bites you but does no damage. You block the adder's attack.
You hit Gastronok.
Gastronok is severely wounded.
The rat bites you but does no damage. The adder bites you but does no damage.
Gastronok waves his eye-stalks in wide circles.
The air twists around and strikes you!
You die...

...#.. ..#
...... ...
....... ..
....### ..
.... # # .#
.. ... # #.
.# ... .. #
#.####S###..>
#
#....@w.....#
#.....r..$.##
#..........#
#.....†....#
#./........#
#.#..#######
#.#.## # #.#
#.#


You could see Gastronok, an adder and a rat.

Vanquished Creatures
  Erica (D:8)
  Pikel (D:5)
  2 wizards (D:7)
  An orc sorcerer (D:7)
  The ghost of Nr616 the Ducker, a novice OpWn of Okawaru (D:5)
  Sigmund (D:4)
  A steam dragon (D:7)
  A hungry ghost (D:8)
  Menkaure (D:4)
  Edmund (D:4)
  Duvessa (D:5)
  An orc warrior (D:7)
  2 ice beasts
  A sky beast (D:7)
  2 necrophages
  A phantom (D:6)
  3 bullfrogs (D:6)
  A wyvern zombie (D:7)
  Dowan (D:5)
  2 scorpions (D:5)
  5 killer bees (D:8)
  2 crimson imps
  A quasit (D:5)
  A centaur zombie (D:6)
  A jelly (D:2)
  2 hounds (D:6)
  A bullfrog skeleton (D:6)
  A centaur skeleton (D:7)
  3 orc priests
  7 orc wizards
  2 iguanas (D:5)
  5 worker ants
  A hound skeleton (D:5)
  8 gnolls (D:6)
  10 adders
  3 shadow imps
  8 oozes (D:2)
  2 adder skeletons (D:5)
  A worm (D:2)
  2 dart slugs
  7 leopard geckos
  16 orcs
  A ball python (D:2)
  4 giant cockroaches
  5 goblins
  6 hobgoblins
  12 jackals
  2 quokkas (D:2)
  7 bats
  9 frilled lizards
  17 kobolds
  A leopard gecko skeleton (D:4)
  6 rats
185 creatures vanquished.

Vanquished Creatures (others)
  A worker ant (D:5)
  9 toadstools (D:2)
10 creatures vanquished.

Grand Total: 195 creatures vanquished

Notes
Turn   | Place    | Note
-------+----------+-------------------------------------------
     0 | D:1      | gmonis the Minotaur Berserker began the quest for the Orb.
     0 | D:1      | Reached XP level 1. HP: 19/19 MP: 0/0
    78 | D:1      | Reached skill level 4 in Maces & Flails
    88 | D:1      | Reached XP level 2. HP: 26/26 MP: 1/1
   269 | D:1      | Reached skill level 5 in Maces & Flails
   419 | D:1      | Reached XP level 3. HP: 31/31 MP: 2/2
   441 | D:1      | Reached ** piety under Trog
   913 | D:2      | Reached skill level 1 in Shields
  1155 | D:2      | Found a basalt altar of Yredelemnul.
  1258 | D:2      | Reached XP level 4. HP: 23/39 MP: 3/3
  1739 | D:2      | Reached skill level 6 in Maces & Flails
  1874 | D:2      | Reached XP level 5. HP: 35/45 MP: 4/4
  1880 | D:2      | Reached *** piety under Trog
  2409 | D:3      | Found a stormy altar of Qazlal.
  2689 | D:4      | Reached skill level 7 in Maces & Flails
  2875 | D:4      | Reached XP level 6. HP: 44/51 MP: 5/5
  3049 | D:4      | Noticed Menkaure
  3055 | D:4      | Killed Menkaure
  3424 | D:4      | Noticed Sigmund
  3428 | D:4      | Noticed Edmund
  3431 | D:4      | Killed Sigmund
  3431 | D:4      | Reached skill level 8 in Maces & Flails
  3431 | D:4      | Reached XP level 7. HP: 57/57 MP: 6/6
  3440 | D:4      | Killed Edmund
  3567 | D:5      | Entered Level 5 of the Dungeon
  3567 | D:5      | Noticed Duvessa
  3567 | D:5      | Noticed Dowan
  3575 | D:5      | Killed Duvessa
  3576 | D:5      | Killed Dowan
  3576 | D:5      | Reached skill level 9 in Maces & Flails
  3579 | D:5      | Reached skill level 5 in Shields
  3626 | D:5      | Reached skill level 5 in Armour
  3626 | D:5      | Reached XP level 8. HP: 64/64 MP: 7/7
  3735 | D:5      | Reached **** piety under Trog
  3738 | D:5      | Reached skill level 10 in Maces & Flails
  3796 | D:5      | Noticed Pikel
  3809 | D:5      | Killed Pikel
  3991 | D:5      | Got a spiked cloak
  3997 | D:5      | Identified the +2 cloak "Peonk" {+Inv rN+} (You found it on level 5 of the Dungeon)
  4037 | D:5      | Found a runed door.
  4038 | D:5      | Noticed Nr616's ghost (novice OpWn)
  4179 | D:5      | Killed Nr616's ghost
  4179 | D:5      | Reached skill level 11 in Maces & Flails
  4179 | D:5      | Reached XP level 9. HP: 70/70 MP: 8/8
  4539 | D:6      | Found a staircase to the Ecumenical Temple.
  4660 | Temple   | Entered the Ecumenical Temple
  5352 | D:7      | Noticed a wizard
  5386 | D:7      | Reached skill level 12 in Maces & Flails
  5477 | D:7      | Noticed a wizard
  5495 | D:7      | Killed a wizard
  5525 | D:7      | Noticed an orc sorcerer
  5525 | D:7      | Paralysed by an orc sorcerer for 7 turns
  5536 | D:7      | Killed a wizard
  5536 | D:7      | Reached XP level 10. HP: 77/77 MP: 9/9
  5541 | D:7      | Killed an orc sorcerer
  5541 | D:7      | Reached skill level 13 in Maces & Flails
  5732 | D:7      | Found Kadoraud's Assorted Antiques.
  6155 | D:8      | Noticed Gastronok
  6160 | D:8      | Noticed Erica
  6176 | D:8      | Killed Erica
  6187 | D:8      | Killed from afar by Gastronok

Vault maps used:
D:1:      dpeg_arrival_stone_temple_mockup, st_stairs_14, minmay_pentomino_w2
D:2:      cheibrodos_fertilizer, lemuel_doored_altar, minivault_24,
          kennysheep_doodads
D:3:      first_ration, grunt_qazlal_sundering
D:4:      uniq_sigmund, uniq_menkaure, uniq_edmund
D:5:      gammafunk_ghost_grave, minmay_lizard_king, uniq_pikel, uniq_duvessa
D:6:      lemuel_temple_firewalk_b
D:7:      cheibrodos_wizards_tower, serial_shops, shop
D:8:      solitary_fountain, uniq_erica, uniq_gastronok
Temple:   nicolae_temple_the_god_donut

Skill      XL: |  1  2  3  4  5  6  7  8  9 10 |
---------------+-------------------------------+-----
Maces & Flails | 4 5 6 7 8 9 11 12 13 | 13.7
Shields        | 1 2 3 4 5 6 8 9 |  9.3
Armour         | 4 5 6 8 9 |  9.3
Fighting       | |  3.6
Dodging        | |  2.1

Action                   |  1- 3 |  4- 6 |  7- 9 | 10-12 || total
-------------------------+-------+-------+-------+-------++-------
Melee: Mace              |    76 |   144 |     7 |       ||   227
       Headbutt          |    11 |    19 |    32 |    27 ||    89
       Flail             |       |       |   225 |    90 ||   315
Throw: Stone             |    13 |       |       |       ||    13
Invok: Berserk           |       |     3 |     5 |     2 ||    10
  Use: Scroll            |       |       |       |     6 ||     6
 Stab: Sleeping          |     1 |     2 |       |       ||     3
  Eat: Chunk             |     1 |     8 |    13 |     4 ||    26
Armor: Animal skin       |    17 |    11 |       |       ||    28
       Plate armour      |       |    31 |    96 |    39 ||   166
Dodge: Dodged            |    44 |    34 |    32 |    21 ||   131
Block: Shield            |    12 |    61 |   118 |    55 ||   246

Table legend:
 A = Spawn XP
 B = Non-spawn XP
 C = Spawn XP percentage of total XP
 D = Spawn monster count
 E = Non-spawn monster count
 F = Spawn count percentage of total count
 G = Total turns spent on level
                    A         B        C        D         E        F      G
               +---------+---------+-------+---------+---------+-------+---------
         Total |       0 |    8406 |   0.0 |       0 |     185 |   0.0 |  6187
               +---------+---------+-------+---------+---------+-------+---------
           D:1 |       0 |      56 |   0.0 |       0 |      29 |   0.0 |   898
           D:2 |       0 |     192 |   0.0 |       0 |      40 |   0.0 |  1212
           D:3 |       0 |      23 |   0.0 |       0 |       7 |   0.0 |   512
           D:4 |       0 |     787 |   0.0 |       0 |      21 |   0.0 |   945
           D:5 |       0 |    2023 |   0.0 |       0 |      28 |   0.0 |   749
           D:6 |       0 |     826 |   0.0 |       0 |      25 |   0.0 |   729
           D:7 |       0 |    2707 |   0.0 |       0 |      16 |   0.0 |   682
           D:8 |       0 |    1792 |   0.0 |       0 |      19 |   0.0 |   212
               +---------+---------+-------+---------+---------+-------+---------
